 Dungeon Sprint DCSS version 0.26-a0-540-g8a0c9464d7 (webtiles) character file.

Game seed: 2265749548312907260

38 HoaS the Ruffian (level 3, -31/29 HPs)
             Began as a Ghoul Gladiator on Aug 19, 2020.
             Annihilated by an ogre
             ... wielding a +0 giant spiked club
              (33 damage)
             ... in the Dungeon (Sprint IX: "|||||||||||||||||||||||||||||").
             The game lasted 00:00:45 (46 turns).

HoaS the Ruffian (Ghoul Gladiator)                    Turns: 46, Time: 00:00:45

Health: -31/29     AC:  4    Str: 18    XL:     3   Next: 43%
Magic:  2/2        EV: 12    Int:  3    God:
Gold:   0          SH:  0    Dex: 10    Spells: 2/2 levels left

rFire    . . .     SeeInvis .     - Unarmed
rCold    + . .     Faith    .   (no shield)
rNeg     + + +     Spirit   .   a - +0 leather armour
rPois    ∞         Reflect  .   b - +0 helmet
rElec    .         Harm     .   (no cloak)
rCorr    .         NoTele   +   (no gloves)
MR       .....                  (no boots)
Stlth    +.........             (no amulet)
HPRegen  0.00/turn              (no ring)
MPRegen  0.08/turn              (no ring)

@: hasted, very quick
A: rotting body, claws 1, cold resistance 1, negative energy resistance 3,
inhibited regeneration, torment resistance, unbreathing
a: no special abilities


You were in the Dungeon.
You visited 1 branch

Inventory:

Missiles
 c - 3 throwing nets (quivered)
Armour
 a - a +0 leather armour (worn)
 b - a +0 helmet (worn)
Scrolls
 h - a scroll of blinking
Potions
 d - a potion of curing
 e - a potion of heal wounds
 g - 2 potions of magic


   Skills:
 - Level 2.1 Fighting
 - Level 1.7 Throwing
 - Level 2.6 Dodging
 + Level 7.9 Unarmed Combat


You had 2 spell levels left.
You didn't know any spells.
Your spell library was empty.

Dungeon Overview and Level Annotations

Branches:
Dungeon (1/1)

Altars:


Innate Abilities, Weirdness & Mutations

Your body is rotting away.
You thrive by killing the living.
You are immune to poison.
You have sharp fingernails.
Your flesh is cold resistant. (rC+)
You are immune to negative energy. (rN+++)
You do not regenerate when monsters are visible.
You are immune to unholy pain and torment.
You can survive without breathing.


Message History

Increase (S)trength, (I)ntelligence, or (D)exterity?
You feel stronger.
You scratch the adder skeleton. You claw the adder skeleton.
The adder skeleton is lightly damaged.
The adder skeleton bites you.
You claw the adder skeleton!
You destroy the adder skeleton!
You barely miss the ogre. You scratch the ogre.
The ogre is lightly wounded.
The ogre hits you with a +0 giant spiked club!
Ouch! That really hurt!
* * * LOW HITPOINT WARNING * * *
You claw the ogre!
The ogre is heavily wounded.
You scratch the ogre but do no damage.
The ogre is heavily wounded.
The ogre hits you with a +0 giant spiked club!!
Ouch! That really hurt!
You die...

▓+▓
▓.▓
▓.▓
▓.▓
▓O▓
▓Z▓
▓O▓
▓@▓
▓.▓
▓.▓
▓.▓
▓)▓
▓'▓
▓.▓
▓.▓
▓.▓


You could see 2 ogres and a bat zombie.

Vanquished Creatures
  A hound (D)
  An adder skeleton (D)
  A giant cockroach (D)
  A goblin (D)
  A hobgoblin (D)
  A bat (D)
  A kobold (D)
7 creatures vanquished.

Notes
Turn   | Place    | Note
-------+----------+-------------------------------------------
     0 | D        | HoaS the Ghoul Gladiator began the quest for the Orb.
     0 | D        | Reached XP level 1. HP: 17/17 MP: 0/0
     4 | D        | Reached skill level 4 in Unarmed Combat
    12 | D        | Reached skill level 5 in Unarmed Combat
    33 | D        | Noticed an ogre
    33 | D        | Noticed an ogre
    33 | D        | Noticed a hound
    40 | D        | Killed a hound
    40 | D        | Reached skill level 7 in Unarmed Combat
    40 | D        | Reached XP level 2. HP: 18/24 MP: 1/1
    40 | D        | Reached XP level 3. HP: 22/29 MP: 2/2
    46 | D        | Annihilated by an ogre

Illustrated notes

Levels and vault maps discovered:
D:        linesprint [early_d, line_temple, items_1, d_10, items_2, lair_1,
          lair_end, items_3, orc_1, orc_end, items_4, d_15, swamp_1, shoals_1,
          snake_1, spider_1, d_20, vaults_1, items_5, swamp_end, shoals_end,
          snake_end, spider_end, vaults_end, d_27, items_6, zot_1, zot_end,
          crypt_end, forest_end, elf_end, slime_end, tomb_end, abyss_end,
          pan_hell_end]

Skill      XL: |  1 |
---------------+----+-----
Unarmed Combat | 7 |  7.9
Fighting       | |  2.1
Throwing       | |  1.7
Dodging        | |  2.6

Action                   || total
-------------------------++-------
Melee: Unarmed           ||    20
       Punch             ||     1
  Use: Potion            ||     1
Armor: Leather armour    ||     2
Dodge: Dodged            ||     5

Table legend: (Time is in decaauts)
 A = Elapsed time spent in this place.
 B = Non-inter-level travel time spent in this place.
 C = Inter-level travel time spent in this place.
 D = Time resting spent in this place.
 E = Time spent auto-exploring this place.
 F = Levels seen in this place.
 G = Mean time per level.
                   A        B        C        D        E       F      G
               +--------+--------+--------+--------+--------+-----+--------+
         Total |     40 |     40 |      0 |      0 |      0 |   1 |   40.0 |
       Dungeon |     40 |     40 |      0 |      0 |      0 |   1 |   40.0 |
               +--------+--------+--------+--------+--------+-----+--------+

Top non-repeatable levels by time:
       D: 40 daAuts
